cohdb
Replays
Latest Replays
All Replays
Popular Replays
Top Player Replays
Match Explorer
How It Works
Community
CoH3 Stats
Reddit
Sign in to upload your games and track your stats! →
Sign in with Steam
ZTT001 vs TRIVOLKA Survive a desperate situation
Match 17481905
Overview
Messages
Build Orders
End
Engineer Squad
Construct Barracks
Selects Special Operations Battlegroup
Riflemen Squad
Riflemen Squad
Infantry Support Center
Selects M29 Weasel with M1 Pack Howitzer
Grenade Package
M29 Weasel with M1 Pack Howitzer
Construct Motor Pool
Selects Raiding Flares
M1 Anti-tank Gun Team
Selects SSF Commando Squad
M8 Greyhound Armored Car
SSF Commando Squad
M24 Chaffee Light Tank
Selects Air Re-supply Operation
M24 Chaffee Light Tank
Air Re-Supply Operation
M1 Anti-tank Gun Team
Selects P-47 Anti-Infantry Loiter
Air Re-Supply Operation
P-47 Anti-Infantry Loiter
M24 Chaffee Light Tank
P-47 Anti-Infantry Loiter
M24 Chaffee Light Tank
SSF Commando Squad
Selects M4A1 Sherman Whizbang
Construct Medical Station
P-47 Anti-Infantry Loiter
M24 Chaffee Light Tank
M24 Chaffee Light Tank
Engineer Squad
P-47 Anti-Infantry Loiter
P-47 Anti-Infantry Loiter
AI Takeover
Trivolka
赵天天001
0
0
Comments
sign in to comment!
No comments posted yet!